 Dungeon Crawl Stone Soup version 0.29-a0-271-gd4eb659eea (webtiles) character file.

Game seed: 12143231169250495238

2722 AlexTheTrain1 the Cleaver (level 9, -4/120 HPs)
             Began as a Minotaur Fighter on Mar 6, 2022.
             Was an Elder of Okawaru.
             Slain by a nine-headed hydra (7 damage)
             ... on level 7 of the Dungeon on Mar 8, 2022.
             The game lasted 00:16:20 (6826 turns).

AlexTheTrain1 the Cleaver (Minotaur Fighter)        Turns: 6826, Time: 00:16:21

Health: -4/120     AC: 24    Str: 24    XL:     9   Next: 39%
Magic:  8/8        EV:  2    Int: 11    God:    Okawaru [****..]
Gold:   234        SH:  5    Dex: 11    Spells: 8/8 levels left

rFire   . . .      SeeInvis .   x - +2 war axe (vorpal)
rCold   . . .      Faith    .   c - +1 buckler
rNeg    . . .      Spirit   .   (body armour currently unavailable)
rPois   +          Reflect  .   (helmet currently unavailable)
rElec   .          Harm     .   (cloak currently unavailable)
rCorr   .          Rampage  .   (gloves currently unavailable)
Will    +....      NoTele   +   (boots currently unavailable)
Stlth   +.........              (no amulet)
HPRegen 0.30/turn               f - ring of willpower
MPRegen 0.11/turn               w - +6 ring of intelligence

@: tree-form
A: stationary, stasis, torment immunity, boosted hp, (horns 2), (retaliatory
headbutt)
a: Renounce Religion, Heroism, Finesse


You were on level 7 of the Dungeon.
You worshipped Okawaru.
Okawaru was greatly pleased with you.
You were a tree.
You visited 1 branch of the dungeon, and saw 7 of its levels.

You collected 234 gold pieces.

Inventory:

Hand Weapons
 a - a +0 vampiric war axe
 h - the +5 hand axe of Pyst {antimagic, Int+5}
   (You found it on level 2 of the Dungeon)

   It reduces the magical energy of the wielder, and disrupts the spells and
   magical abilities of those it strikes.
   Natural abilities and divine invocations are not affected.
   Int:       It affects your intelligence (+5).
 x - a +2 vorpal war axe (weapon)
Missiles
 m - 4 silver boomerangs (quivered)
 r - 3 throwing nets
Armour
 b - a +0 scale mail (melded)
 c - a +1 buckler (worn)
 i - a +2 cloak (melded)
Jewellery
 f - a ring of willpower (left branch)
 p - a ring of resist corrosion
 w - a +6 ring of intelligence (right branch)
Wands
 t - a wand of paralysis (4)
 v - a wand of mindburst (9)
Scrolls
 d - a scroll of teleportation
 l - a scroll of amnesia
 n - a scroll of blinking {unknown}
 o - 3 scrolls of enchant armour
 s - a scroll of noise {unknown}
 y - a scroll of acquirement {unknown}
 z - a scroll of identify
Potions
 e - a potion of brilliance {unknown}
 g - 2 potions of lignification
 j - 2 potions of attraction
 q - 2 potions of flight {unknown}
 u - 2 potions of curing


   Skills:
 * Level 7.7 Fighting
 * Level 13.7 Axes
 - Level 3.7 Armour
 - Level 0.4 Dodging
 - Level 3.9 Shields
 - Level 0.1 Evocations


You had 8 spell levels left.
You didn't know any spells.
Your spell library contained the following spells:

 Spells                   Type           Power      Damage    Failure   Level
 Magic Dart               Conj           0%         1d3       41%         1
 Sting                    Tmut/Pois      0%         1d3       41%         1
 Poisonous Vapours        Pois/Air       0%         N/A       56%         2
 Sublimation of Blood     Necr           0%         N/A       56%         2
 Wereblood                Tmut           0%         N/A       56%         2
 Mephitic Cloud           Conj/Pois/Air  0%         N/A       80%         3
 Olgreb's Toxic Radiance  Pois           0%         N/A       99%         4
 Call Imp                 Summ           Unusable   N/A       N/A         2
 Summon Hydra             Summ           Unusable   N/A       N/A         7

Dungeon Overview and Level Annotations

Branches:
Dungeon (7/15)             Temple (0/1) D:4

Altars:
Okawaru


Innate Abilities, Weirdness & Mutations

You are a tree.
Your roots penetrate the ground, keeping you stationary.
You cannot be teleported.
You are immune to unholy pain and torment.
Your maximum health is greatly increased.
Your equipment is partially melded.
((You have a pair of horns on your head.))
((You reflexively headbutt those who attack you in melee.))


Message History

You block the seven-headed hydra's attack.
The seven-headed hydra bites you but does no damage.
The seven-headed hydra bites you.
* * * LOW HITPOINT WARNING * * *
The seven-headed hydra bites you but does no damage. x3
The ice beast hits you but does no damage.
You slice one of the seven-headed hydra's heads off!
The six-headed hydra grows two more!
You slash the eight-headed hydra!
The eight-headed hydra is lightly wounded.
You barely miss the ice beast.
The eight-headed hydra bites you but does no damage.
The eight-headed hydra bites you.
* * * LOW HITPOINT WARNING * * *
The eight-headed hydra completely misses you.
The eight-headed hydra bites you.
* * * LOW HITPOINT WARNING * * *
The eight-headed hydra bites you but does no damage. x3
The eight-headed hydra bites you.
* * * LOW HITPOINT WARNING * * *
The ice beast hits you but does no damage.
You slash the ice beast!
You kill the ice beast!
Okawaru accepts your kill.
You hack one of the eight-headed hydra's heads off!
The seven-headed hydra grows two more!
You slash the nine-headed hydra!
The nine-headed hydra bites you but does no damage. x6
The nine-headed hydra barely misses you.
You block the nine-headed hydra's attack.
The nine-headed hydra bites you but does no damage.
Aiming: Paralyse
Press: ? - help, Q - select action, (/) - cycle Shift-Dir - straight line, f - nine-headed hydra
Aim: a nine-headed hydra (lightly wounded, chance to affect: 17%)
The nine-headed hydra resists with almost no effort.
The nine-headed hydra bites you.
* * * LOW HITPOINT WARNING * * *
The nine-headed hydra bites you!
* * * LOW HITPOINT WARNING * * *
The nine-headed hydra bites you but does no damage.
The nine-headed hydra bites you!
You die...

#...# #..## ##
#..## .##.
###...### #....
#.....).####.....
.....###..).....#
....# ##...<...#
.(.. #...###.##
.#. #....D♣..# .
#.......#....#
#.....### ....#
#.....## ....
#....## ...
.....## .. ###.#
# ##


You could see a nine-headed hydra.

Vanquished Creatures
  A troll (D:6)
  A wyvern (D:4)
  A steam dragon (D:6)
  An orc warrior (D:6)
  An ice beast (D:7)
  2 black bears
  2 centaurs
  4 sky beasts
  An ogre (D:6)
  A bullfrog (D:7)
  4 scorpions
  A necrophage (D:6)
  4 hounds
  A jelly (D:5)
  4 orc priests
  2 gnoll shamans
  2 orc wizards (D:5)
  4 iguanas
  Robin (D:3)
  21 gnolls
  9 adders
  A shadow imp (D:5)
  A white imp (D:6)
  A worm (D:2)
  2 dart slugs
  13 orcs
  6 endoplasms
  2 giant cockroaches
  11 goblins
  14 hobgoblins
  6 quokkas
  3 ball pythons
  6 bats
  4 frilled lizards
  6 kobolds
  7 rats
151 creatures vanquished.

Notes
Turn   | Place    | Note
-------+----------+-------------------------------------------
     0 | D:1      | AlexTheTrain1 the Minotaur Fighter began the quest for the
                  | Orb.
     0 | D:1      | Reached XP level 1. HP: 19/19 MP: 0/0
   278 | D:1      | Reached XP level 2. HP: 23/27 MP: 1/1
   535 | D:1      | Found a faded altar of an unknown god.
   563 | D:1      | Prayed at the altar of an unknown god.
   563 | D:1      | Became a worshipper of Warmaster Okawaru
   563 | D:1      | Reached * piety under Okawaru
  1204 | D:2      | Reached skill level 3 in Axes
  1229 | D:2      | Reached XP level 3. HP: 33/33 MP: 2/2
  1272 | D:2      | Identified the +5 hand axe of Pyst {antimagic, Int+5}
  1519 | D:2      | Reached skill level 4 in Axes
  1542 | D:2      | Reached XP level 4. HP: 41/41 MP: 1/3
  2669 | D:3      | Noticed Robin
  2672 | D:3      | Reached skill level 5 in Axes
  2679 | D:3      | Killed Robin
  2680 | D:3      | Reached XP level 5. HP: 28/47 MP: 1/4
  3111 | D:4      | Found a staircase to the Ecumenical Temple.
  3114 | D:4      | Noticed a sky beast
  3125 | D:4      | Killed a sky beast
  3126 | D:4      | Reached skill level 6 in Axes
  3294 | D:4      | Reached XP level 6. HP: 47/53 MP: 1/5
  3352 | D:4      | Reached ** piety under Okawaru
  3353 | D:4      | Reached skill level 7 in Axes
  3455 | D:4      | Reached skill level 5 in Fighting
  3465 | D:4      | Reached skill level 8 in Axes
  4161 | D:4      | Reached XP level 7. HP: 61/61 MP: 2/6
  4177 | D:4      | Noticed a wyvern
  4185 | D:4      | Killed a wyvern
  4437 | D:5      | Entered Level 5 of the Dungeon
  4444 | D:5      | Reached *** piety under Okawaru
  4445 | D:5      | Reached skill level 9 in Axes
  4587 | D:5      | Reached skill level 10 in Axes
  4592 | D:5      | Reached XP level 8. HP: 38/69 MP: 2/7
  5018 | D:5      | Reached skill level 11 in Axes
  5161 | D:5      | Reached **** piety under Okawaru
  5878 | D:6      | Reached skill level 12 in Axes
  5993 | D:6      | Reached XP level 9. HP: 10/78 MP: 8/8
  6251 | D:6      | Upgraded the game from 0.29-a0-266-gf56f883ddd to
                  | 0.29-a0-271-gd4eb659eea
  6520 | D:6      | Reached skill level 13 in Axes
  6689 | D:7      | Noticed a boulder beetle
  6689 | D:7      | Noticed a troll
  6689 | D:7      | Noticed a six-headed hydra
  6690 | D:7      | Noticed a cyclops
  6699 | D:6      | Killed a troll
  6821 | D:7      | HP: 4/118 [seven-headed hydra (8)]
  6826 | D:7      | HP: 3/120 [nine-headed hydra (8)]
  6826 | D:7      | Slain by a nine-headed hydra

Illustrated notes

Levels and vault maps discovered:
D:1:      co_arrival_random_square_maze, layout_loops_corners,
          chequers_ecumenical_altar_simple_redux
D:2:      layout_loops_cross
D:3:      layout_loops_corners, uniq_robin
D:4:      layout_basic, minmay_temple_entry_ruins
D:5:      layout_rooms, serial_rivers, chequers_serial_rivers_room_a,
          chequers_serial_rivers_micro_a, chequers_serial_rivers_large_a,
          chequers_serial_rivers_room_b, chequers_serial_rivers_small_3,
          hangedman_abyss_or_decor_lesser_grid
D:6:      minmay_spotlight, layout_cave_pools
D:7:      minmay_the_grid_octo_2x2 [minmay_the_grid_octo_clover_2,
          minmay_the_grid_octo_odd_swirl, minmay_the_grid_octo_fan_narrow,
          minmay_the_grid_octo_prize_ultimate_mussel_roller], layout_layer_cave,
          mainiacjoe_overflow_alcove_1, uniq_pikel, uniq_maggie, uniq_menkaure

Skill      XL: |  1  2  3  4  5  6  7  8  9 |
---------------+----------------------------+-----
Fighting       | 4 5 6 7 |  7.7
Axes           | 3 4 5 6 8 10 12 13 | 13.7
Armour         | |  3.7
Dodging        | |  0.4
Shields        | |  3.9
Evocations     | |  0.1

Action                   |  1- 3 |  4- 6 |  7- 9 || total
-------------------------+-------+-------+-------++-------
Melee: War axe           |    54 |       |    63 ||   117
       Headbutt          |    10 |    14 |    32 ||    56
       Hand axe          |    15 |    99 |   112 ||   226
Evoke: Wand              |       |       |     7 ||     7
  Use: Scroll            |     2 |     6 |     7 ||    15
       Potion            |       |       |     6 ||     6
Armor: Scale mail        |    29 |    61 |    99 ||   189
       Skin              |       |       |    30 ||    30
Dodge: Dodged            |    30 |    53 |    81 ||   164
Block: Buckler           |    20 |    25 |    45 ||    90

Table legend: (Time is in decaauts)
 A = Elapsed time spent in this place.
 B = Non-inter-level travel time spent in this place.
 C = Inter-level travel time spent in this place.
 D = Time resting spent in this place.
 E = Time spent auto-exploring this place.
 F = Levels seen in this place.
 G = Mean time per level.
                   A        B        C        D        E       F      G
               +--------+--------+--------+--------+--------+-----+--------+
         Total |   6851 |   6415 |    436 |      0 |   5522 |   7 |  978.7 |
       Dungeon |   6851 |   6415 |    436 |      0 |   5522 |   7 |  978.7 |
               +--------+--------+--------+--------+--------+-----+--------+

Top non-repeatable levels by time:
     D:4: 1354 daAuts
     D:6: 1299 daAuts
     D:3: 1198 daAuts
     D:1: 1184 daAuts
     D:5: 1034 daAuts
     D:2: 726 daAuts
     D:7: 53 daAuts
